 Seeded DCSS version 0.30.1-9-gdf580d7c3d (webtiles) character file.

Game seed: 9106806156630997546 (custom seed)

763 Psyclone the Destroyer (level 7, 0/36 HPs)
             Began as a Deep Elf Conjurer on Oct 8, 2023.
             Was an Initiate of Gozag.
             Slain by an orc wizard
             ... wielding a +0 dagger
              (3 damage)
             ... on level 5 of the Dungeon.
             The game lasted 00:14:07 (3957 turns).

Psyclone the Destroyer (Deep Elf Conjurer)          Turns: 3957, Time: 00:14:08

Health: 0/36       AC:  4    Str:  4    XL:     7   Next: 51%
Magic:  2/13       EV: 17    Int: 25    God:    Gozag
Gold:   81         SH:  0    Dex: 13    Spells: 9/12 levels left

rFire   . . .        h - +0 short sword
rCold   . . .        (no shield)
rNeg    . . .        a - +0 robe
rPois   +            t - +0 helmet
rElec   .            (no cloak)
rCorr   .            s - +0 pair of gloves
SInv    .            (no boots)
Will    .....        (no amulet)
Stlth   +            j - ring of poison resistance
HPRegen 0.26/turn    q - +5 ring of evasion
MPRegen 0.13/turn

%: no passive effects
@: confused
A: no striking features
a: Renounce Religion, Potion Petition, Call Merchant, Bribe Branch


You were on level 5 of the Dungeon.
You worshipped Gozag.
Gozag was noncommittal.
You visited 2 branches of the dungeon, and saw 6 of its levels.

You collected 168 gold pieces.
You paid 87 gold pieces to Gozag.

Inventory:

Hand Weapons
 h - a +0 short sword (weapon)
Armour
 a - a +0 robe (worn)
 s - a +0 pair of gloves (worn)
 t - a +0 helmet (worn)
Jewellery
 j - a ring of poison resistance (left hand)
 q - a +5 ring of evasion (right hand)
 r - a ring of flight
Scrolls
 d - a scroll of blinking {unknown}
 k - a scroll of noise {unknown}
 o - a scroll of poison {unknown}
 p - 2 scrolls of enchant armour {unknown}
 u - a scroll of vulnerability {unknown}
 w - 2 scrolls of identify {unknown}
Potions
 b - a potion of magic
 e - 5 potions of curing {unknown}
 f - a potion of berserk rage {unknown}
 g - 4 potions of brilliance {unknown}
 i - 2 potions of lignification {unknown}
 l - 2 potions of attraction {unknown}
 m - 2 potions of might {unknown}
 n - a potion of haste {unknown}
 v - a potion of degeneration {unknown}


   Skills:
 - Level 2.4 Dodging
 - Level 2.4 Stealth
 - Level 3.0 Spellcasting
 + Level 10.2 Conjurations


You had 9 spell levels left.
You knew the following spells:

 Your Spells              Type           Power      Damage    Failure   Level
a - Magic Dart            Conj           100%       1d8       1%          1
b - Searing Ray           Conj           100%       2d8       1%          2

Your spell library contained the following spells:

 Spells                   Type           Power      Damage    Failure   Level
 Dazzling Flash           Conj/Hex       58%        N/A       3%          3
 Flame Wave               Conj/Fire      29%        2d9       12%         4
 Fulminant Prism          Conj/Hex       14%        3d8       12%         4
 Iskenderun's Mystic Bla  Conj/Tloc      29%        2d7       12%         4
 Scorch                   Fire           6%         2d5       16%         2
 Summon Cactus Giant      Summ           1%         N/A       100%        6


Dungeon Overview and Level Annotations

Branches:
Dungeon (5/15) Zot: 26065  Temple (1/1) D:5 Zot: 5977

Altars:
Dithmenos
Gozag
Hepliaklqana
Okawaru
Qazlal
Ru
Sif Muna
Trog
Uskayaw
Xom
Yredelemnul

Shops:
D:1 =   D:4 [

Annotations:
D:4 1 runed translucent door, Nedac819's ghost, novice MeWn


Message History

Something barely misses you.
You closely miss something. Something hits you. x2
You take 7 damage, and have 25/36 hp.
You barely miss something. Something hits you. Something barely misses you.
You take 1 damage, and have 24/36 hp.
You barely miss something. Something barely misses you. Something hits you.
You take 3 damage, and have 21/36 hp.
Casting: Magic Dart (safe; 1% risk of failure)
Confirm with . or Enter, or press ? or * to list all spells.
Aiming: Searing Ray (safe; 1% risk of failure)
Press: ? - help, Shift-Dir - straight line The searing ray hits something. (Press . to maintain the ray.)
You hear some strange, mumbled words.
You are confused.
Something hits you.
You take 1 damage, and have 20/36 hp.
You now have 1/13 mp.
Something hits you but does no damage.
You hear some strange, mumbled words.
Something tries to affect you, but you resist.
You bump into the rock wall.
Something barely misses you. Something closely misses you.
You hit something. Something hits you. x2
You take 3 damage, and have 18/36 hp.
You bump into the rock wall.
The orc is distracted by your dazzling golden aura.
Something hits you.
You hear some strange, mumbled words.
A magic dart appears from out of thin air!
The magic dart hits you.
The orc shouts!
You take 6 damage, and have 12/36 hp.
You bump into the rock wall.
You hear some strange, mumbled words.
A magic dart appears from out of thin air!
The magic dart hits you!
* * * LOW HITPOINT WARNING * * *
Something hits you.
You die...
Your body crumbles into a pile of gold.

...#.#.###...#
#. .' #.⌠
.......###$..##
.### #..
.......$$.....#
....# ....
......###..##'##
.o.. .....
......
##.#...#...
Y..... ......
#+#...#'# .Y....
...... #.......#
... ......
###...### ..
...... +...{@#
#####{# #..oo.#
+.....# #.....#
###.#+# '.# ###


You could see 2 orcs.

Vanquished Creatures
  Sigmund (D:3)
  A yak (D:5)
  A phantom (D:5)
  2 scorpions (D:5)
  A gnoll bouda (D:5)
  Jessica (D:2)
  Natasha (thrice) (D:3)
  Robin (D:2)
  3 adders
  4 gnolls (D:5)
  A worm (D:2)
  2 dart slugs
  3 orcs
  5 ball pythons
  5 bats
  4 endoplasms
  A giant cockroach (D:2)
  14 goblins
  2 hobgoblins
  3 jackals (D:2)
  6 kobolds
  2 frilled lizards (D:1)
  A rat (D:1)
67 creatures vanquished.

Notes
Turn   | Place    | Note
-------+----------+-------------------------------------------
     0 | D:1      | Psyclone the Deep Elf Conjurer began the quest for the Orb.
     0 | D:1      | Reached XP level 1. HP: 10/10 MP: 6/6
   313 | D:1      | Reached XP level 2. HP: 15/15 MP: 2/8
   365 | D:1      | Found Cetaas's Jewellery Emporium.
   535 | D:1      | Reached skill level 5 in Conjurations
   736 | D:2      | Found a stormy altar of Qazlal.
  1143 | D:2      | Noticed Jessica
  1148 | D:2      | Killed Jessica
  1149 | D:2      | Reached XP level 3. HP: 19/19 MP: 5/9
  1193 | D:2      | Learned a level 2 spell: Searing Ray
  1241 | D:2      | Reached skill level 6 in Conjurations
  1404 | D:2      | Reached XP level 4. HP: 24/24 MP: 7/10
  1498 | D:2      | Noticed Robin
  1505 | D:2      | Killed Robin
  1830 | D:3      | Noticed Natasha
  1836 | D:3      | Killed Natasha
  1898 | D:3      | Noticed Sigmund
  1905 | D:3      | Killed Sigmund
  1906 | D:3      | Reached skill level 8 in Conjurations
  1906 | D:3      | Reached XP level 5. HP: 5/28 MP: 2/11
  2312 | D:3      | Reached XP level 6. HP: 32/32 MP: 9/12
  2318 | D:3      | Noticed Natasha
  2322 | D:3      | Killed Natasha
  2604 | D:3      | Noticed Natasha
  2609 | D:3      | Killed Natasha
  3468 | D:4      | Found a runed translucent door.
  3474 | D:4      | Noticed Nedac819's ghost (novice MeWn)
  3549 | D:5      | Entered Level 5 of the Dungeon
  3558 | D:4      | Found Haiphupu's Antique Armour Emporium.
  3643 | D:5      | Noticed a yak
  3643 | D:5      | Noticed a yak
  3671 | D:5      | Killed a yak
  3672 | D:5      | Reached skill level 9 in Conjurations
  3672 | D:5      | Reached XP level 7. HP: 17/36 MP: 3/13
  3762 | D:5      | Found a staircase to the Ecumenical Temple.
  3764 | D:5      | Noticed a yak
  3765 | D:5      | Noticed a yak
  3768 | D:5      | Noticed a yak
  3770 | D:5      | Noticed a yak
  3879 | Temple   | Entered the Ecumenical Temple
  3889 | Temple   | Became a worshipper of Gozag Ym Sagoz the Greedy
  3917 | D:5      | Reached skill level 10 in Conjurations
  3957 | D:5      | Slain by an orc wizard

Illustrated notes

Levels and vault maps discovered:
D:1:      onia_arrival_mini_spirals, layout_loops_ring, serial_shops, shop
D:2:      layout_rooms, basic_altar, reono_crystal_passage, minmay_tetromino_l2,
          uniq_robin, uniq_jessica, uniq_crazy_yiuf_cottage
D:3:      layout_loops_ring, uniq_sigmund, uniq_natasha
D:4:      layout_rooms, ebering_ghost_sewer_d, nicolae_take_the_stairs,
          grunt_ministairs_6, ebering_dispersal_statue_hall,
          minmay_ogre_servants
D:5:      nicolae_cairo_tiling_large, layout_basic, slow_altar_2,
          minmay_temple_entry_junction_2, portal_sewer_entry_b
Temple:   nicolae_temple_bog_church

Skill      XL: |  1  2  3  4  5  6  7 |
---------------+----------------------+-----
Conjurations   | 5 6 8 9 10 | 10.2
Dodging        | |  2.4
Stealth        | |  2.4
Spellcasting   | |  3.0

Action                     |  1- 3 |  4- 6 |  7- 9 || total
---------------------------+-------+-------+-------++-------
  Melee: Short sword       |       |     5 |    13 ||    18
   Cast: Magic Dart        |    58 |    49 |     1 ||   108
         Searing Ray       |       |     9 |     4 ||    13
    Use: Scroll            |       |       |     1 ||     1
 Armour: Robe              |     1 |     4 |     7 ||    12
  Dodge: Dodged            |     3 |     9 |    26 ||    38
